 Dungeon Crawl Stone Soup version 0.30.0-11-gf55b779eaf (webtiles) character file.

Game seed: 13973968023570700629

49 monsoonserge the Sneak (level 4, -2/30 HPs)
             Began as a Formicid Enchanter on May 16, 2023.
             Slain by a sky beast (5 damage)
             ... on level 3 of the Dungeon.
             The game lasted 00:04:41 (1604 turns).

monsoonserge the Sneak (Formicid Enchanter)         Turns: 1604, Time: 00:04:41

Health: -2/30      AC:  3    Str: 13    XL:     4   Next: 1%
Magic:  1/7        EV: 11    Int: 16    God:
Gold:   64         SH:  0    Dex: 14    Spells: 5/7 levels left

rFire   . . .        p - +1 dagger (freeze)
rCold   . . .        (no shield)
rNeg    . . .        e - +0 leather armour
rPois   .            (helmet unavailable)
rElec   .            (no cloak)
rCorr   .            (no gloves)
SInv    +            (no boots)
Will    .....        (no amulet)
Stlth   ++           (no ring)
HPRegen 0.25/turn    (no ring)
MPRegen 0.10/turn

%: no passive effects
@: very slightly contaminated, invisible
A: permanent stasis, dig shafts and tunnels, antennae 3, four strong arms
a: Dig, Shaft Self


You were on level 3 of the Dungeon.
You visited 1 branch of the dungeon, and saw 3 of its levels.

You collected 64 gold pieces.

Inventory:

Hand Weapons
 p - a +1 dagger of freezing (weapon)
Missiles
 d - 5 poisoned darts
 i - 5 javelins
Armour
 e - a +0 leather armour (worn)
 o - the +1 robe of Morality {rF- Regen+ MP+9 Int+3}
   (You found it on level 2 of the Dungeon)

   Int:       It affects your intelligence (+3).
   rF:        It makes you vulnerable to fire.
   MP:        It affects your magic capacity (+9).
   Regen:     It increases your rate of health regeneration.
Scrolls
 a - a scroll of identify {unknown}
 h - a scroll of vulnerability {unknown}
 j - 2 scrolls of teleportation {unknown}
 l - a scroll of amnesia {unknown}
 s - a scroll of enchant weapon {unknown}
Potions
 b - a potion of berserk rage {unknown}
 c - a potion of invisibility
 f - a potion of flight {unknown}
 g - 3 potions of curing {unknown}
 k - 2 potions of lignification {unknown}
 m - 2 potions of attraction {unknown}
 n - a potion of brilliance {unknown}
 q - 2 potions of heal wounds {unknown}
 r - a potion of degeneration {unknown}


   Skills:
 + Level 0.1 Fighting
 + Level 1.8 Short Blades
 + Level 0.9 Armour
 + Level 1.8 Dodging
 + Level 4.5 Stealth
 + Level 2.4 Spellcasting
 + Level 3.7 Hexes
 * Level 0.6 Ice Magic


You had 5 spell levels left.
You knew the following spells:

 Your Spells              Type           Power      Damage    Failure   Level
a - Ensorcelled Hibernat  Hex/Ice        18%        N/A       16%         2

Your spell library contained the following spells:

 Spells                   Type           Power      Damage    Failure   Level
 Confusing Touch          Hex            13%        N/A       16%         3
 Tukima's Dance           Hex            13%        N/A       16%         3
 Beastly Appendage        Tmut           2%         N/A       26%         1
 Dazzling Flash           Conj/Hex       14%        N/A       34%         3
 Wereblood                Tmut           1%         N/A       36%         2
 Spider Form              Tmut/Pois      1%         N/A       58%         3


Dungeon Overview and Level Annotations

Branches:
Dungeon (3/15)

Altars:
Gozag


Innate Abilities, Weirdness & Mutations

You cannot be hasted, slowed, berserked, paralysed or teleported.
You can dig through walls and to a lower floor.
You have a pair of large antennae on your head. (SInv)
Your four strong arms can wield two-handed weapons with a shield.


Message History

Aim: a sky beast (chance to affect: 43%)
You miscast Ensorcelled Hibernation.
You are very lightly contaminated with residual magic.
Nothing appears to happen.
The sky beast hits you. The sky beast shocks you.
Casting: Ensorcelled Hibernation (safe; 16% risk of failure)
Confirm with . or Enter, or press ? or * to list all spells.
Aiming: Ensorcelled Hibernation (safe; 16% risk of failure)
Press: ? - help, Shift-Dir - straight line, f/p - sky beast
Aim: a sky beast (chance to affect: 43%)
The sky beast resists with some effort.
The sky beast hits you. The sky beast shocks you.
Casting: Ensorcelled Hibernation (safe; 16% risk of failure)
Confirm with . or Enter, or press ? or * to list all spells.
Aiming: Ensorcelled Hibernation (safe; 16% risk of failure)
Press: ? - help, Shift-Dir - straight line, f/p - sky beast
Aim: a sky beast (chance to affect: 43%)
The sky beast resists with some effort.
The sky beast hits you. The sky beast shocks you.
* * * LOW HITPOINT WARNING * * *
Unknown command.
Okay, then.
Press: ? - help, v - describe, . - travel
Here: a sky beast The floor.
You fade into invisibility!
The sky beast hits you.
* * * LOW HITPOINT WARNING * * *
The sky beast shocks you.
* * * LOW HITPOINT WARNING * * *
You hit the sky beast. You freeze the sky beast.
The sky beast is lightly wounded.
You hit the sky beast but do no damage.
The sky beast is lightly wounded.
The sky beast closely misses you.
You hit the sky beast. You freeze the sky beast.
The sky beast is lightly wounded.
The sky beast hits you.
* * * LOW HITPOINT WARNING * * *
The sky beast shocks you.
You die...

.... .... # ... ...
.. #. ##..##.. ...
#..#......#..#
.......#..#..#
.............
.......Y..#.#
#..##.#@..#.#
#...........#
..........###
#.........#
#.........########.
#.........#........
#..................
#..###....#.######.
#.)###....#.#


You could see a sky beast (unable to see you).

Vanquished Creatures
  2 adders (D:2)
  2 worms (D:2)
  A ball python (D:1)
  2 bats (D:1)
  2 endoplasms (D:1)
  2 giant cockroaches (D:1)
  A goblin (D:2)
  A hobgoblin (D:1)
  4 quokkas
  2 frilled lizards (D:1)
  2 kobolds (D:2)
  3 rats
24 creatures vanquished.

Notes
Turn   | Place    | Note
-------+----------+-------------------------------------------
     0 | D:1      | monsoonserge the Formicid Enchanter began the quest for the
                  | Orb.
     0 | D:1      | Reached XP level 1. HP: 13/13 MP: 3/3
   192 | D:1      | Reached skill level 4 in Stealth
   192 | D:1      | Reached XP level 2. HP: 19/19 MP: 5/5
   195 | D:1      | Learned a level 2 spell: Ensorcelled Hibernation
   672 | D:2      | Identified the +1 robe of Morality {rF- Regen+ MP+9 Int+3}
   752 | D:2      | Reached XP level 3. HP: 15/24 MP: 6/6
  1305 | D:2      | Found an opulent altar of Gozag.
  1463 | D:2      | Reached XP level 4. HP: 14/30 MP: 7/7
  1593 | D:3      | Noticed a sky beast
  1604 | D:3      | Slain by a sky beast

Illustrated notes

Levels and vault maps discovered:
D:1:      onia_arrival_mini_spirals, layout_rooms, dreamdust_princess_corridor
D:2:      layout_loops_ring, basic_altar
D:3:      layout_basic, uniq_terence

Skill      XL: |  1 |
---------------+----+-----
Stealth        | 4 |  4.5
Fighting       | |  0.1
Short Blades   | |  1.8
Armour         | |  0.9
Dodging        | |  1.8
Spellcasting   | |  2.4
Hexes          | |  3.7
Ice Magic      | |  0.6

Action                     |  1- 3 |  4- 6 || total
---------------------------+-------+-------++-------
  Melee: Dagger            |   104 |     3 ||   107
   Cast: Ensorcelled Hiber |     4 |     2 ||     6
    Use: Potion            |       |     1 ||     1
   Stab: Sleeping          |    11 |       ||    11
 Armour: Leather armour    |    26 |       ||    26
  Dodge: Dodged            |    43 |     1 ||    44
